 Dungeon Crawl Stone Soup version 0.29-a0-1008-g949cc1d0fb (webtiles) character file.

Game seed: 10166961202786465339

44 garrulousMonolith the Trooper (level 3, -11/33 HPs)
             Began as a Hill Orc Fighter on Aug 7, 2022.
             Mangled by an ogre
             ... wielding a +0 giant spiked club
              (23 damage)
             ... on level 3 of the Dungeon.
             The game lasted 00:01:46 (1519 turns).

garrulousMonolith the Trooper (Hill Orc Fighter)    Turns: 1519, Time: 00:01:47

Health: -11/33     AC: 10    Str: 18    XL:     3   Next: 60%
Magic:  4/4        EV:  7    Int: 10    God:
Gold:   98         SH:  4    Dex: 10    Spells: 2/2 levels left

rFire   . . .      SeeInvis .   a - +0 war axe
rCold   . . .      Faith    .   c - +0 buckler
rNeg    . . .      Spirit   .   k - +0 chain mail
rPois   .          Reflect  .   (no helmet)
rElec   .          Harm     .   j - +0 cloak
rCorr   .          Rampage  .   (no gloves)
Will    .....                   (no boots)
Stlth   ..........              (no amulet)
HPRegen 0.11/turn               (no ring)
MPRegen 0.09/turn               (no ring)

@: mighty
A: no striking features
a: no special abilities


You were on level 3 of the Dungeon.
You visited 1 branch of the dungeon, and saw 3 of its levels.

You collected 98 gold pieces.

Inventory:

Hand Weapons
 a - a +0 war axe (weapon)
Armour
 b - a +0 scale mail
 c - a +0 buckler (worn)
 g - a scarf of repulsion
 j - a +0 cloak (worn)
 k - a +0 chain mail (worn)
Scrolls
 e - a scroll of teleportation {unknown}
 f - 2 scrolls of noise {unknown}
 h - 2 scrolls of identify {unknown}
 i - a scroll of magic mapping {unknown}
 m - a scroll of immolation {unknown}
 n - a scroll of enchant armour {unknown}
Potions
 d - a potion of might
 l - a potion of heal wounds {unknown}
 o - 2 potions of flight {unknown}


   Skills:
 + Level 3.8 Fighting
 * Level 3.6 Axes
 + Level 3.5 Armour
 + Level 0.7 Dodging
 + Level 3.5 Shields
 + Level 1.4 Invocations


You had 2 spell levels left.
You didn't know any spells.
Your spell library was empty.

Dungeon Overview and Level Annotations

Branches:
Dungeon (3/15)

Altars:


Message History

(D) Dungeon
Where to? (Enter - D:2, ? - help)
There is a stone staircase leading down here.
You climb downwards.
The goblin shouts!
There is a stone staircase leading up here.
There are monsters nearby!
Unknown command.
An orc, a hobgoblin, a gnoll bouda and a bat come into view.
The orc shouts!
The hobgoblin shouts!
The gnoll bouda shouts!
A rat comes into view.
There is a stone staircase leading up here.
The bat barely misses you. The bat hits you but does no damage. x2
You block the bat's attack. The giant cockroach bites you.
You climb upwards.
There is a stone staircase leading down here.
You slash the giant cockroach!
You kill the giant cockroach!
You slash the bat!
You kill the bat!
No target in view!
No target in view!
No target in view!
HP restored.
There is a stone staircase leading down here.
You see here a bat skeleton.
You climb downwards.
The ogre shouts!
There is a stone staircase leading up here.
You have nothing you can fire or use right now.
You feel very mighty all of a sudden.
The ogre hits you with a +0 giant spiked club!
You barely miss the ogre.
The ogre hits you with a +0 giant spiked club.
You hit the ogre.
The ogre is lightly wounded.
The ogre hits you with a +0 giant spiked club!!
Ouch! That really hurt!
You die...

#######
#..<@.#
#.###O#
# ...
.### .#
##


You could see an ogre.

Vanquished Creatures
  A worm (D:2)
  A dart slug (D:2)
  2 ball pythons (D:2)
  4 endoplasms
  A giant cockroach (D:2)
  6 goblins
  4 hobgoblins (D:1)
  4 jackals (D:1)
  2 kobolds
  3 quokkas
  3 bats (D:2)
  A frilled lizard (D:1)
  A rat (D:2)
33 creatures vanquished.

Notes
Turn   | Place    | Note
-------+----------+-------------------------------------------
     0 | D:1      | garrulousMonolith the Hill Orc Fighter began the quest for
                  | the Orb.
     0 | D:1      | Reached XP level 1. HP: 19/19 MP: 1/1
   158 | D:1      | Reached XP level 2. HP: 25/27 MP: 2/2
   631 | D:1      | You fall into a shaft and drop 1 floor!
   647 | D:2      | Reached skill level 1 in Invocations
   647 | D:2      | Reached XP level 3. HP: 22/33 MP: 3/3
  1114 | D:1      | Found a faded altar of an unknown god.
  1515 | D:3      | Noticed an ogre
  1519 | D:3      | Mangled by an ogre

Illustrated notes

Levels and vault maps discovered:
D:1:      minmay_arrival_stair_chambers, layout_loops_ring,
          shapermc_ecumenical_altar_hornbeckon, minmay_misc_feat_columns
D:2:      layout_rooms
D:3:      layout_loops_cross, mainiacjoe_overflow_small_starburst,
          mainiacjoe_overflow_concentric_impassable, vehumet_crystals,
          serial_bayou, serial_bayou_ford_a, serial_bayou_pond_c,
          serial_bayou_pond_b, serial_bayou_shore_b

Skill      XL: |  1  2 |
---------------+-------+-----
Axes           | 3 |  3.6
Invocations    | 1 |  1.4
Fighting       | |  3.8
Armour         | |  3.5
Dodging        | |  0.7
Shields        | |  3.5

Action                   || total
-------------------------++-------
Melee: War axe           ||    85
  Use: Potion            ||     1
Armor: Scale mail        ||    27
       Chain mail        ||    13
Dodge: Dodged            ||    37
Block: Buckler           ||    14

Table legend: (Time is in decaauts)
 A = Elapsed time spent in this place.
 B = Non-inter-level travel time spent in this place.
 C = Inter-level travel time spent in this place.
 D = Time resting spent in this place.
 E = Time spent auto-exploring this place.
 F = Levels seen in this place.
 G = Mean time per level.
                   A        B        C        D        E       F      G
               +--------+--------+--------+--------+--------+-----+--------+
         Total |   1557 |   1401 |    156 |    289 |    830 |   3 |  519.0 |
       Dungeon |   1557 |   1401 |    156 |    289 |    830 |   3 |  519.0 |
               +--------+--------+--------+--------+--------+-----+--------+

Top non-repeatable levels by time:
     D:1: 1084 daAuts
     D:2: 463 daAuts
     D:3: 9 daAuts
